MLB
CLEVELAND GUARDIANS @ ST. LOUIS CARDINALS
10/03/2049
 
TOP OF THE 1ST
Cleveland Guardians batting - Pitching for St. Louis Cardinals : RHP Keith Anter
Pitching: RHP Keith Anter
Batting: RHB Rick O'Reilly 0-0: Called Strike
0-1: Called Strike
0-2: Ball
1-2: Ball
2-2: Foul Ball, location: 2F
2-2: Foul Ball, location: 2F
2-2: Ball
3-2: Strikes out swinging
Batting: LHB Corey Trevor 0-0: Ball
1-0: Called Strike
1-1: Called Strike
1-2: Ball
2-2: Foul Ball, location: 2F
2-2: Foul Ball, location: 2F
2-2: Foul Ball, location: 2F
2-2: Foul Ball, location: 2F
2-2: Ball
3-2: Strikes out looking
Batting: RHB Nick Ogle 0-0: Swinging Strike
0-1: Ball
1-1: Foul Ball, location: 2F
1-2: Foul Ball, location: 2F
1-2: Ball
2-2: Foul Ball, location: 2F
2-2: Ball
3-2: Foul Ball, location: 2F
3-2: Strikes out looking
Top of the 1st over - 0 runs, 0 hits, 0 errors, 0 left on base; Cleveland 0 - St. Louis 0
BOTTOM OF THE 1ST
St. Louis Cardinals batting - Pitching for Cleveland Guardians : RHP Risto Pandev
Pitching: RHP Risto Pandev
Batting: RHB Mike Bates 0-0: Ball
1-0: Ball
2-0: Ball
3-0: Called Strike
3-1: Base on Balls
Batting: LHB Pat Sutton 0-0: Ball
1-0: Ball
2-0: Called Strike
2-1: Swinging Strike
2-2: Fly out, F8 (Flyball, 8LM, EV 91.9 MPH)
Batting: SHB Harry Hoop 0-0: Called Strike
0-1: Called Strike
Mike Bates steals 2nd base
0-2: Strikes out swinging wild pitch, reaches first!
Mike Bates to third
Batting: LHB Billy Guzman 0-0: Called Strike
Harry Hoop steals 2nd base
0-1: Ball
1-1: Swinging Strike
1-2: Ball
2-2: Fly out, F7 (Flyball, 78S, EV 90.6 MPH)
Batting: SHB Antoine Roux 0-0: Ball
1-0: Ball
2-0: SINGLE (Flyball, 8RS, EV 95.0 MPH)
Mike Bates scores
Harry Hoop to third
Runner from 3rd tries for Home, SAFE, throw by CF to home
Batting: RHB Micah Christopher 0-0: Fly out, F7 (Line Drive, 7D, EV 101.9 MPH)
Bottom of the 1st over - 2 runs, 1 hit, 0 errors, 1 left on base; Cleveland 0 - St. Louis 2
TOP OF THE 2ND
Cleveland Guardians batting - Pitching for St. Louis Cardinals : RHP Keith Anter
Batting: RHB Jasper Burd 0-0: Called Strike
0-1: Ball
1-1: Swinging Strike
1-2: Foul Ball, location: 2F
1-2: Foul Ball, location: 2F
1-2: SINGLE (Groundball, 6MD, EV 106.2 MPH)
Batting: SHB Valentin Laporte 0-0: Called Strike
0-1: Foul Ball, location: 2F
0-2: Ball
1-2: Strikes out swinging
Batting: RHB Christian Blue 0-0: Ball
Jasper Burd is caught stealing 2nd base 2-4
1-0: Called Strike
1-1: Ball
2-1: Ball
3-1: Foul Ball, location: 2F
3-2: Base on Balls
Batting: LHB Alejandro Soriano 0-0: Called Strike
0-1: Ball
1-1: Ball
2-1: Foul Ball, location: 2F
2-2: Ball
3-2: Ground out 4-3 (Groundball, 34, EV 106.2 MPH)
Top of the 2nd over - 0 runs, 1 hit, 0 errors, 1 left on base; Cleveland 0 - St. Louis 2
BOTTOM OF THE 2ND
St. Louis Cardinals batting - Pitching for Cleveland Guardians : RHP Risto Pandev
Batting: LHB Ichiro Toyota 0-0: Ball
1-0: Called Strike
1-1: Ball
2-1: DOUBLE (Flyball, 78XD, EV 108.8 MPH)
Batting: RHB Danny Gallo 0-0: Ball
1-0: Ball
2-0: Ball
3-0: Called Strike
3-1: Called Strike
3-2: 2-RUN HOME RUN (Flyball, 7LD, EV 93.1 MPH), Distance : 342 ft
Batting: SHB Chris Blue 0-0: Ball
1-0: Ball
2-0: Ball
3-0: Base on Balls
Batting: RHB Mike Bates 0-0: Called Strike
0-1: Ball
1-1: Ball
2-1: Ball
3-1: Base on Balls
Chris Blue to second
Batting: LHB Pat Sutton 0-0: Ball
1-0: SINGLE (Line Drive, 4MD, EV 96.9 MPH)
Chris Blue to third
Mike Bates to second
Runner from 3rd tries for Home, SAFE, throw by CF to home
Pitching: LHP Victor Garcia
Batting: SHB Harry Hoop 0-0: Ball
1-0: Foul Ball, location: 2F
1-1: Swinging Strike
1-2: Ball
2-2: Strikes out swinging
Batting: LHB Billy Guzman 0-0: Called Strike
0-1: DOUBLE (Flyball, 8LXD, EV 109.4 MPH)
Mike Bates scores
Pat Sutton to third
Batting: SHB Antoine Roux 0-0: Ball
1-0: Foul Ball, location: 2F
1-1: Ball
2-1: Ball
3-1: Foul Ball, location: 2F
3-2: Fly out, F9 (Flyball, 9S, EV 80.0 MPH)
Batting: RHB Micah Christopher 0-0: Ball
1-0: Ball
2-0: Called Strike
2-1: Foul Ball, location: 2F
2-2: Foul Ball, location: 2F
2-2: Strikes out swinging
Bottom of the 2nd over - 4 runs, 4 hits, 0 errors, 2 left on base; Cleveland 0 - St. Louis 6
TOP OF THE 3RD
Cleveland Guardians batting - Pitching for St. Louis Cardinals : RHP Keith Anter
Batting: RHB Aaron Matthews 0-0: Called Strike
0-1: Fly out, F8 (Flyball, 89D, EV 95.6 MPH)
Batting: RHB Terry Baginski 0-0: Foul Ball, location: 2F
0-1: Foul Ball, location: 2F
0-2: Foul Ball, location: 2F
0-2: Ball
1-2: Ball
2-2: Ball
3-2: Strikes out looking
Batting: RHB Rick O'Reilly 0-0: SINGLE (Line Drive, 8RS, EV 90.0 MPH)
Batting: LHB Corey Trevor 0-0: Called Strike
0-1: Called Strike
0-2: Ball
1-2: Strikes out swinging
Top of the 3rd over - 0 runs, 1 hit, 0 errors, 1 left on base; Cleveland 0 - St. Louis 6
BOTTOM OF THE 3RD
St. Louis Cardinals batting - Pitching for Cleveland Guardians : LHP Victor Garcia
Batting: LHB Ichiro Toyota 0-0: Ball
1-0: Called Strike
1-1: Swinging Strike
1-2: Strikes out looking
Batting: RHB Danny Gallo 0-0: Swinging Strike
0-1: Ground out 4-3 (Groundball, 4, EV 106.9 MPH)
Batting: SHB Chris Blue 0-0: Called Strike
0-1: Foul Ball, location: 2F
0-2: Ground out 6-3 (Groundball, 6, EV 80.0 MPH)
Bottom of the 3rd over - 0 runs, 0 hits, 0 errors, 0 left on base; Cleveland 0 - St. Louis 6
TOP OF THE 4TH
Cleveland Guardians batting - Pitching for St. Louis Cardinals : RHP Keith Anter
Batting: RHB Nick Ogle 0-0: Ball
1-0: Foul Ball, location: 2F
1-1: Ball
2-1: Ball
3-1: Foul Ball, location: 2F
3-2: Foul Ball, location: 2F
3-2: Foul Ball, location: 2F
3-2: Foul Ball, location: 2F
3-2: Foul Ball, location: 2F
3-2: Base on Balls
Batting: RHB Jasper Burd 0-0: Swinging Strike
0-1: Foul Ball, location: 2F
0-2: Strikes out looking
Batting: SHB Valentin Laporte 0-0: Called Strike
0-1: Ball
1-1: Fly out, F7 (Line Drive, 7, EV 91.2 MPH)
Batting: RHB Christian Blue 0-0: Foul Ball, location: 2F
0-1: Called Strike
0-2: Strikes out swinging
Top of the 4th over - 0 runs, 0 hits, 0 errors, 1 left on base; Cleveland 0 - St. Louis 6
BOTTOM OF THE 4TH
St. Louis Cardinals batting - Pitching for Cleveland Guardians : LHP Victor Garcia
Batting: RHB Mike Bates 0-0: Called Strike
0-1: Foul Ball, location: 2F
0-2: Ball
1-2: Strikes out looking
Batting: LHB Pat Sutton 0-0: Ball
1-0: Called Strike
1-1: SINGLE (Line Drive, 8LS, EV 88.1 MPH)
Batting: SHB Harry Hoop 0-0: Called Strike
0-1: Fielders Choice at 2nd, 5-4 (Groundball, 56, EV 86.2 MPH)
Batting: LHB Billy Guzman 0-0: Ball
1-0: Called Strike
1-1: Foul Ball, location: 2F
1-2: Fielders Choice at 2nd, 5-4 (Groundball, 5, EV 86.9 MPH)
Bottom of the 4th over - 0 runs, 1 hit, 0 errors, 1 left on base; Cleveland 0 - St. Louis 6
TOP OF THE 5TH
Cleveland Guardians batting - Pitching for St. Louis Cardinals : RHP Keith Anter
Batting: LHB Alejandro Soriano 0-0: Foul Ball, location: 2F
0-1: Called Strike
0-2: Ball
1-2: Strikes out swinging
Batting: RHB Aaron Matthews 0-0: Ball
1-0: Ball
2-0: Swinging Strike
2-1: Called Strike
2-2: Ground out 5-3 (Groundball, 56S, EV 65.0 MPH)
Batting: RHB Terry Baginski 0-0: Ground out 6-3 (Groundball, 56, EV 92.5 MPH)
Top of the 5th over - 0 runs, 0 hits, 0 errors, 0 left on base; Cleveland 0 - St. Louis 6
BOTTOM OF THE 5TH
St. Louis Cardinals batting - Pitching for Cleveland Guardians : LHP Victor Garcia
Batting: SHB Antoine Roux 0-0: Ball
1-0: Ball
2-0: Foul Ball, location: 2F
2-1: Ball
3-1: Foul Ball, location: 2F
3-2: DOUBLE (Flyball, 89D, EV 97.5 MPH)
Batting: RHB Micah Christopher 0-0: Foul Ball, location: 2F
0-1: Ball
1-1: Ball
2-1: Foul Ball, location: 2F
2-2: Strikes out swinging
Batting: LHB Ichiro Toyota 0-0: Ball
1-0: Ball
2-0: Called Strike
2-1: DOUBLE (Line Drive, 9LS, EV 93.8 MPH)
Antoine Roux scores
Pitching: RHP Ryan Southerland
Batting: RHB Danny Gallo 0-0: Ball
Ichiro Toyota steals 3rd base
1-0: Called Strike
1-1: Called Strike
1-2: Ball
2-2: Strikes out swinging
Batting: SHB Chris Blue 0-0: Ball
1-0: Ball
2-0: Called Strike
2-1: Ball
3-1: Called Strike
3-2: DOUBLE (Line Drive, 78D, EV 113.1 MPH)
Ichiro Toyota scores
Batting: RHB Mike Bates 0-0: Ball
1-0: Called Strike
1-1: Called Strike
1-2: 2-RUN HOME RUN (Flyball, 78XD, EV 102.5 MPH), Distance : 389 ft
Batting: LHB Pat Sutton 0-0: Ball
1-0: Called Strike
1-1: Ball
2-1: SOLO HOME RUN (Flyball, 9LD, EV 99.4 MPH), Distance : 385 ft
Batting: SHB Harry Hoop 0-0: Called Strike
0-1: Ball
1-1: Swinging Strike
1-2: Ball
2-2: Foul Ball, location: 2F
2-2: Ball
3-2: Strikes out swinging
Bottom of the 5th over - 5 runs, 5 hits, 0 errors, 0 left on base; Cleveland 0 - St. Louis 11
TOP OF THE 6TH
Cleveland Guardians batting - Pitching for St. Louis Cardinals : RHP Keith Anter
Batting: RHB Rick O'Reilly 0-0: Ground out 6-3 (Groundball, 6, EV 111.9 MPH)
Batting: LHB Corey Trevor 0-0: Hit by Pitch
Batting: RHB Nick Ogle 0-0: Ball
Corey Trevor steals 2nd base (no throw)
1-0: Foul Ball, location: 2F
1-1: Ball
2-1: Ball
3-1: Foul Ball, location: 2F
3-2: Fly out, F9 (Flyball, 89S, EV 83.1 MPH)
Batting: RHB Jasper Burd 0-0: Ball
1-0: SINGLE (Flyball, 4D, EV 86.2 MPH)
Corey Trevor to third
Runner from 3rd tries for Home, SAFE, throw by RF to home
Batting: SHB Valentin Laporte 0-0: Ground out U3 (Groundball, 34, EV 90.6 MPH)
Top of the 6th over - 1 run, 1 hit, 0 errors, 1 left on base; Cleveland 1 - St. Louis 11
BOTTOM OF THE 6TH
St. Louis Cardinals batting - Pitching for Cleveland Guardians : RHP Ryan Southerland
Batting: LHB Billy Guzman 0-0: Ball
1-0: Ball
2-0: Called Strike
2-1: Ball
3-1: Foul Ball, location: 2F
3-2: Strikes out swinging, 2-3 out at first.
Batting: SHB Antoine Roux 0-0: Foul Ball, location: 2F
0-1: Ball
1-1: Swinging Strike
1-2: Ball
2-2: Ball
3-2: DOUBLE (Line Drive, 9LS, EV 108.1 MPH)
Pitching: RHP Mike Chisolm
Batting: RHB Micah Christopher 0-0: Ball
1-0: Called Strike
1-1: Swinging Strike
1-2: Fly out, F9 (Flyball, 9, EV 76.9 MPH)
Batting: LHB Ichiro Toyota 0-0: Swinging Strike
0-1: Foul Ball, location: 2F
0-2: Strikes out swinging
Bottom of the 6th over - 0 runs, 1 hit, 0 errors, 1 left on base; Cleveland 1 - St. Louis 11
TOP OF THE 7TH
Cleveland Guardians batting - Pitching for St. Louis Cardinals : RHP Keith Anter
Pitching: RHP Danny Cook
Batting: RHB Christian Blue 0-0: Called Strike
0-1: Ball
1-1: Ball
2-1: Swinging Strike
2-2: Ground out 1-3 (Groundball, 13S, EV 69.4 MPH)
Batting: LHB Alejandro Soriano 0-0: Called Strike
0-1: Called Strike
0-2: Fly out, F3 (Line Drive, 3, EV 63.8 MPH)
Batting: RHB Aaron Matthews 0-0: Foul Ball, location: 2F
0-1: SINGLE (Groundball, 56D, EV 105.6 MPH)
Batting: RHB Terry Baginski 0-0: Ball
1-0: Foul Ball, location: 2F
1-1: Ball
2-1: Foul Ball, location: 2F
2-2: Ground out 3-1 (Groundball, 13, EV 84.4 MPH)
Top of the 7th over - 0 runs, 1 hit, 0 errors, 1 left on base; Cleveland 1 - St. Louis 11
BOTTOM OF THE 7TH
St. Louis Cardinals batting - Pitching for Cleveland Guardians : RHP Mike Chisolm
Batting: RHB Danny Gallo 0-0: Called Strike
0-1: Swinging Strike
0-2: Strikes out swinging
Pinch Hitting: RHB Tyler Walker 0-0: Called Strike
0-1: Called Strike
0-2: Ball
1-2: Foul Ball, location: 2F
1-2: Ball
2-2: Ball
3-2: Strikes out swinging
Batting: RHB Mike Bates 0-0: Ball
1-0: Ball
2-0: Ball
3-0: Base on Balls
Batting: LHB Pat Sutton 0-0: Ball
1-0: SINGLE (Flyball, 3D, EV 91.2 MPH)
Mike Bates to second
Runner from 2nd tries for 3rd, SAFE, throw by RF made to third
Batting: SHB Harry Hoop 0-0: Foul Ball, location: 2F
0-1: Foul Ball, location: 2F
0-2: Strikes out swinging
Bottom of the 7th over - 0 runs, 1 hit, 0 errors, 2 left on base; Cleveland 1 - St. Louis 11
TOP OF THE 8TH
Cleveland Guardians batting - Pitching for St. Louis Cardinals : RHP Danny Cook
Now at SS: Tyler Walker
Batting: RHB Rick O'Reilly 0-0: Ball
1-0: Ball
2-0: Ball
3-0: Base on Balls
Batting: LHB Corey Trevor 0-0: Foul Ball, location: 2F
0-1: Ball
1-1: Grounds out, U3 (Groundball, 3L, EV 107.5 MPH)
Batting: RHB Nick Ogle 0-0: Foul Ball, location: 2F
0-1: Called Strike
0-2: Ball
1-2: Ball
2-2: Strikes out swinging
Batting: RHB Jasper Burd 0-0: Ball
1-0: Called Strike
1-1: Swinging Strike
1-2: Hit by Pitch
Batting: SHB Valentin Laporte 0-0: Called Strike
0-1: Ball
1-1: Ball
2-1: Ball
3-1: Base on Balls
Rick O'Reilly to third
Jasper Burd to second
Batting: RHB Christian Blue 0-0: Fielders Choice at 2nd, 5-4 (Groundball, 56, EV 85.6 MPH)
Top of the 8th over - 0 runs, 0 hits, 0 errors, 3 left on base; Cleveland 1 - St. Louis 11
BOTTOM OF THE 8TH
St. Louis Cardinals batting - Pitching for Cleveland Guardians : RHP Mike Chisolm
Batting: LHB Billy Guzman 0-0: Ball
1-0: Swinging Strike
1-1: Ball
2-1: Foul Ball, location: 2F
2-2: Foul Ball, location: 2F
2-2: Ball
3-2: Ground out 6-3 (Groundball, 6, EV 103.8 MPH)
Batting: SHB Antoine Roux 0-0: Ball
1-0: Ball
2-0: Foul Ball, location: 2F
2-1: Called Strike
2-2: Strikes out looking
Batting: RHB Micah Christopher 0-0: Called Strike
0-1: Ball
1-1: Ball
2-1: Called Strike
2-2: Ball
3-2: Strikes out swinging
Bottom of the 8th over - 0 runs, 0 hits, 0 errors, 0 left on base; Cleveland 1 - St. Louis 11
TOP OF THE 9TH
Cleveland Guardians batting - Pitching for St. Louis Cardinals : RHP Danny Cook
Batting: LHB Alejandro Soriano 0-0: Ball
1-0: Ball
2-0: Ball
3-0: Called Strike
3-1: Foul Ball, location: 2F
3-2: Strikes out swinging
Batting: RHB Aaron Matthews 0-0: Fly out, F9 (Flyball, 9, EV 76.2 MPH)
Pinch Hitting: LHB Danny Dunham 0-0: Ball
1-0: Ball
2-0: Ball
3-0: Base on Balls
Batting: RHB Rick O'Reilly 0-0: Called Strike
0-1: TRIPLE (Line Drive, 9LD, EV 100.0 MPH)
Danny Dunham scores
Pitching: LHP Nate Crow
Batting: LHB Corey Trevor 0-0: Ball
1-0: Ball
2-0: Swinging Strike
2-1: Ball
3-1: Ground out 4-3 (Groundball, 4, EV 105.0 MPH)
Top of the 9th over - 1 run, 1 hit, 0 errors, 1 left on base; Cleveland 2 - St. Louis 11
Sunday, July 16th , 2023 - OOTP Baseball 24.6 Build 69